 Dungeon Crawl Stone Soup version 0.27-a0-1381-g81fdcbfb23 (webtiles) character file.

Game seed: 343958473170563008

255 Nattfarinn the Cutter (level 6, -3/39 HPs)
             Began as a Kobold Berserker on June 30, 2021.
             Was a Believer of Trog.
             Slain by an orc warrior (23 damage)
             ... on level 4 of the Dungeon.
             The game lasted 00:04:23 (4326 turns).

Nattfarinn the Cutter (Kobold Berserker)            Turns: 4326, Time: 00:04:23

Health: -3/39      AC:  3    Str: 16    XL:     6   Next: 38%
Magic:  6/6        EV: 15    Int:  9    God:    Trog [**....]
Gold:   129        SH:  0    Dex: 14    Spells: 5/5 levels left

rFire    . . .     SeeInvis .   a - +1 short sword
rCold    . . .     Faith    .   (shield restricted)
rNeg     . . .     Spirit   .   b - +0 animal skin
rPois    .         Reflect  .   (no helmet)
rElec    .         Harm     .   k - +0 cloak
rCorr    .         Rampage  .   (no gloves)
Will     .....                  (no boots)
Stlth    +.........             (no amulet)
HPRegen  0.13/turn              (no ring)
MPRegen  0.10/turn              (no ring)

@: silenced, on berserk cooldown, slowed, very slow
A: small, no large weapons, nightstalker 3
a: Renounce Religion


You were on level 4 of the Dungeon.
You worshipped Trog.
Trog was pleased with you.
You visited 1 branch of the dungeon, and saw 4 of its levels.

You collected 129 gold pieces.

Inventory:

Hand Weapons
 a - a +1 short sword (weapon)
Missiles
 j - 2 throwing nets
Armour
 b - a +0 animal skin (worn)
 k - a +0 cloak (worn)
Wands
 m - a wand of digging (4)
Scrolls
 i - 2 scrolls of noise
 o - a scroll of fear {unknown}
 p - a scroll of summoning {unknown}
 q - a scroll of acquirement {unknown}
Potions
 c - a potion of degeneration {unknown}
 e - a potion of resistance {unknown}
 g - 2 potions of curing {unknown}
 h - a potion of magic {unknown}
 n - a potion of lignification {unknown}


   Skills:
 + Level 4.4 Fighting
 * Level 6.3 Short Blades
 + Level 2.6 Armour
 + Level 3.9 Dodging


You had 5 spell levels left.
You didn't know any spells.
Your spell library was empty.

Dungeon Overview and Level Annotations

Branches:
Dungeon (4/15)
 Temple: D:4-7

Altars:
Uskayaw

Shops:
D:2 *   D:3 !


Innate Abilities, Weirdness & Mutations

You are small and have problems with some larger weapons.
You are completely attuned to the shadows.


Message History

You closely miss the jackal.
The jackal bites you but does no damage.
You barely miss the jackal. The jackal bites you.
You hit the jackal.
You feel the power of Trog in you as your rage grows.
You kill the jackal!
Trog accepts your kill. The orc wizard casts a spell at you.
You resist with some effort.
You puncture the orc wizard!
The orc wizard is severely wounded.
The orc wizard hits you with a +0 dagger.
You hit the orc wizard.
You kill the orc wizard!
Trog accepts your kill.
Trog appreciates your killing of a magic user.
No target in view!
Calm down first, please.
You feel a strong urge to attack something.
You are no longer berserk.
You are exhausted.
You feel yourself slow down.
You're still recovering from your berserk rage.
An orc warrior comes into view.
It is wielding a +0 battleaxe of flaming.
You're still recovering from your berserk rage.
The orc warrior closely misses you.
An orc priest comes into view. It is wielding a +0 war axe.
The orc warrior hits you with a +0 battleaxe of flaming!
The orc warrior burns you. The orc warrior completely misses you.
As you read the scroll labelled RUUTIU UMONUI, it crumbles to dust.
It is a scroll of enchant weapon.
Your +0 short sword glows red for a moment.
The orc warrior completely misses you. The orc warrior barely misses you.
As you read the scroll labelled LOEBOURHUF, it crumbles to dust.
A profound silence engulfs you.
It was a scroll of silence.
The orc warrior hits you with a +0 battleaxe of flaming!!
Ouch! That really hurt!
You die...

##.# # #..
#.##.####
.$..<....
#.##.##.####
#.##.##.# #
##.##.##.#####
#.##...#.##).....
#..@o....##..####
####......o.....
#############


You could see an orc warrior.

Vanquished Creatures
  A necrophage (D:3)
  An orc wizard (D:4)
  4 gnolls (D:3)
  An adder (D:2)
  6 worms
  A dart slug (D:1)
  7 ball pythons
  3 bats
  4 endoplasms
  8 goblins
  3 hobgoblins
  14 jackals
  2 quokkas
  6 frilled lizards
  5 kobolds
  10 rats
76 creatures vanquished.

Notes
Turn   | Place    | Note
-------+----------+-------------------------------------------
     0 | D:1      | Nattfarinn the Kobold Berserker began the quest for the
                  | Orb.
     0 | D:1      | Reached XP level 1. HP: 14/14 MP: 1/1
   286 | D:1      | Reached XP level 2. HP: 14/19 MP: 2/2
   656 | D:1      | Reached XP level 3. HP: 20/23 MP: 3/3
   926 | D:1      | Reached ** piety under Trog
  1871 | D:2      | Found Fyngaisk's Assorted Antiques.
  2246 | D:2      | Reached XP level 4. HP: 28/29 MP: 4/4
  2373 | D:2      | Reached skill level 5 in Short Blades
  3189 | D:3      | Reached XP level 5. HP: 33/33 MP: 5/5
  3393 | D:3      | Found Tiheblaf's Distillery.
  3676 | D:3      | Noticed a necrophage
  3692 | D:3      | Killed a necrophage
  3693 | D:3      | Reached skill level 6 in Short Blades
  3693 | D:3      | Reached XP level 6. HP: 39/39 MP: 6/6
  3801 | D:3      | Found a hide-covered altar of Uskayaw.
  3957 | D:3      | Found a faded altar of an unknown god.
  4317 | D:4      | Noticed an orc warrior
  4326 | D:4      | Slain by an orc warrior

Illustrated notes

Levels and vault maps discovered:
D:1:      nagdon_arrival_zigzag_paths, layout_basic, st_stairs_6,
          minmay_small_reverse_x
D:2:      layout_loops_ring, serial_shops, nicolae_square_shop,
          minmay_misc_feat_tower, st_stairs_5, hex_tiny,
          chequers_serial_rivers_small_a
D:3:      layout_basic, old_standard_altar,
          shapermc_ecumenical_altar_totnotflames, serial_shops,
          nicolae_shop_trees
D:4:      layout_loops_ring, kennysheep_vampire_church, gup_sewer_entry_bowl

Skill      XL: |  1  2  3  4  5 |
---------------+----------------+-----
Armour         | 2 |  2.6
Dodging        | 3 |  3.9
Short Blades   | 5 6 |  6.3
Fighting       | 4 |  4.4

Action                   |  1- 3 |  4- 6 || total
-------------------------+-------+-------++-------
Melee: Short sword       |   135 |   108 ||   243
Invok: Berserk           |     3 |     7 ||    10
  Use: Scroll            |       |     4 ||     4
 Stab: Sleeping          |    13 |    10 ||    23
Armor: Animal skin       |    12 |     9 ||    21
Dodge: Dodged            |   103 |    53 ||   156

Table legend: (Time is in decaauts)
 A = Elapsed time spent in this place.
 B = Non-inter-level travel time spent in this place.
 C = Inter-level travel time spent in this place.
 D = Time resting spent in this place.
 E = Time spent auto-exploring this place.
 F = Levels seen in this place.
 G = Mean time per level.
                   A        B        C        D        E       F      G
               +--------+--------+--------+--------+--------+-----+--------+
         Total |   4366 |   4284 |     82 |    799 |   3013 |   4 | 1091.5 |
       Dungeon |   4366 |   4284 |     82 |    799 |   3013 |   4 | 1091.5 |
               +--------+--------+--------+--------+--------+-----+--------+

Top non-repeatable levels by time:
     D:1: 1752 daAuts
     D:2: 1343 daAuts
     D:3: 1233 daAuts
     D:4: 37 daAuts
